 Dungeon Crawl Stone Soup version 0.32-a0-391-gce5c0aab1b (webtiles) character file.

Game seed: 120714346346671858

6362 Getoffmy the Destroyer (level 10, -8/67 HPs)
             Began as a Green Draconian Ice Elementalist on Feb 18, 2024.
             Was a Priest of Hepliaklqana.
             Killed from afar by an oklob plant (10 damage)
             ... with a splash of acid
             ... on level 1 of the Lair of Beasts on Feb 19, 2024.
             The game lasted 00:35:16 (11441 turns).

Getoffmy the Destroyer (DrIE)                      Turns: 11441, Time: 00:35:18

Health: -8/67      AC: 10    Str: 11    XL:     10   Next: 65%
Magic:  9/18       EV: 12    Int: 19    God:    Hepliaklqana [***...]
Gold:   285        SH:  0    Dex: 12    Spells: 3/20 levels left

rFire   + . .        q - +3 short sword (holy)
rCold   + . .        (no shield)
rNeg    . . .        (body armour unavailable)
rPois   +            (helmet restricted)
rElec   .            L - scarf {rC+ rF+}
rCorr   .            (no gloves)
SInv    .            (no boots)
Will    .....        c - amulet of regeneration
Stlth   ++           k - ring of flight
HPRegen 1.11/turn    z - +4 ring of slaying
MPRegen 0.16/turn

%: no passive effects
@: ice-armoured, corroded, freezing walls, flying
A: reduced essence, breathe noxious fumes, AC +7, unfitting armour, poison
resistance, cold-blooded
a: Breathe Noxious Fumes, Renounce Religion, Recall Ancestor, Ancestor Identity,
Transference


You were on level 1 of the Lair of Beasts.
You worshipped Hepliaklqana.
Hepliaklqana was most pleased with you.
You visited 3 branches of the dungeon, and saw 11 of its levels.

You collected 823 gold pieces.
You spent 538 gold pieces at shops.

Inventory:

Hand Weapons
 l - a +3 hammer of holy wrath
 q - a +3 short sword of holy wrath (weapon)
 w - the +6 shillelagh "Devastator" {shatter}
   (You found it on level 2 of the Dungeon)
Missiles
 d - 83 stones
 g - a throwing net
 y - 13 poisoned darts
Armour
 e - a +0 buckler
 v - a +2 cloak
 L - a scarf of resistance (worn)
Jewellery
 c - an amulet of regeneration (around neck)
 k - a ring of flight (left hand)
 z - a +4 ring of slaying (right hand)
 B - a ring of fire
 J - a ring of see invisible
Wands
 b - a wand of charming (2)
 n - a wand of polymorph (3)
 p - a wand of digging (8)
 A - a wand of quicksilver (5)
Scrolls
 f - 2 scrolls of noise
 j - 7 scrolls of identify
 t - 2 scrolls of amnesia
 C - a scroll of fog
 D - 2 scrolls of enchant armour
 E - a scroll of revelation
 H - a scroll of summoning
 K - 3 scrolls of teleportation
Potions
 a - a potion of magic
 h - 3 potions of brilliance
 i - a potion of heal wounds
 m - 3 potions of curing
 o - a potion of ambrosia
 r - 2 potions of might
 s - 2 potions of haste
 u - 2 potions of mutation
 x - 2 potions of lignification
 F - a potion of invisibility
 G - a potion of resistance
 I - a potion of enlightenment {unknown}


   Skills:
 + Level 2.8 Fighting
 - Level 1.7 Dodging
 - Level 1.7 Stealth
 + Level 5.6 Spellcasting
 - Level 8.0 Conjurations
 + Level 6.6 Summonings
 - Level 7.2 Ice Magic
 + Level 6.7 Air Magic
 + Level 5.7 Invocations


You had 3 spell levels left.
You knew the following spells:

 Your Spells              Type           Power      Damage    Failure   Level
a - Freeze                Ice            100%       1d10      1%          1
b - Call Imp              Summ           60%        N/A       1%          2
c - Summon Ice Beast      Ice/Summ       31%        N/A       1%          3
d - Frozen Ramparts       Ice            64%        1d10      1%          3
e - Freezing Cloud        Conj/Ice/Air   16%        6-21      16%         5
f - Ozocubu's Armour      Ice            32%        N/A       1%          3

Your spell library contained the following spells:

 Spells                   Type           Power      Damage    Failure   Level
 Shock                    Conj/Air       100%       1d9       1%          1
 Static Discharge         Conj/Air       66%        3-6/arc   1%          2
 Cigotuvi's Dreadful Rot  Necr/Alch/Air  26%        N/A       7%          2
 Apportation              Tloc           10%        N/A       12%         1
 Jinxbite                 Hex            10%        N/A       19%         2
 Sublimation of Blood     Necr           5%         N/A       19%         2
 Gell's Gravitas          Tloc           5%         N/A       34%         3
 Teleport Other           Tloc           5%         N/A       34%         3
 Ignite Poison            Fire/Alch      5%         N/A       75%         4
 Sticky Flame             Fire/Alch      5%         2d4       75%         4
 Alistair's Intoxication  Alch           3%         N/A       97%         5
 Starburst                Conj/Fire      10%        6d5       98%         6
 Dispersal                Tloc           2%         N/A       100%        6
 Haunt                    Necr/Summ      8%         N/A       100%        7
 Summon Hydra             Summ           15%        N/A       100%        7
 Borgnjor's Revivificati  Necr           2%         N/A       100%        8
 Ignition                 Fire           2%         3d3       100%        8
 Chain Lightning          Conj/Air       16%        3d22      100%        9
 Death's Door             Necr           2%         N/A       100%        9
 Fire Storm               Conj/Fire      10%        8d3       100%        9
 Shatter                  Erth           2%         3d6*      100%        9


Dungeon Overview and Level Annotations

Branches:
Dungeon (9/15)             Temple (1/1) D:6            Lair (1/5) D:8
    Orc (0/2) D:9

Altars:
Ashenzari
Cheibriados
Dithmenos
Elyvilon
Fedhas
Gozag
Hepliaklqana
Kikubaaqudgha
Makhleb
Nemelex Xobeh
Okawaru
Qazlal
Ru
Sif Muna
Trog
Uskayaw
Vehumet
Wu Jian
Xom
Yredelemnul
Zin
The Shining One

Shops:
D:1 !   D:8 *?

Annotations:
Temple 2 transporters
Lair:1 exclusion: oklob plant


Innate Abilities, Weirdness & Mutations

Your life essence is reduced to manifest your ancestor. (-10% HP)
You can breathe blasts of noxious fumes.
Your lurid green scales are hard. (AC +7)
You cannot fit into any form of body armour.
Your system is resistant to poisons. (rPois)
You are cold-blooded and may be slowed by cold attacks.


Message History

Your icy armour cracks and falls away as you move.
You start resting.
HP restored.
You start resting.
Your cerulean imp disappears in a puff of smoke!
Your ice beast disappears in a puff of smoke!
Magic restored.
An oklob plant comes into view.
Marking area around an oklob plant as unsafe for travelling.
The oklob plant spits acid at you. The splash of acid hits you!!
The oklob plant spits acid at you. The splash of acid hits you!!
* * * LOW HITPOINT WARNING * * *
The acid corrodes you!
A bullfrog comes into view.
Casting: Summon Ice Beast (safe; 1% risk of failure)
Confirm with . or Enter, or press ? or * to list all spells.
Casting: Frozen Ramparts (safe; 1% risk of failure)
Press: ? - help, Dir - look around, f - activate The walls around you are covered in ice.
The wall freezes the oklob plant but does no damage.
Unknown command.
Casting: Frozen Ramparts (safe; 1% risk of failure)
Confirm with . or Enter, or press ? or * to list all spells.
A film of ice covers your body!
Eugene hits the oklob plant but does no damage.
The wall freezes the oklob plant.
The oklob plant spits acid at you. The splash of acid hits you!!
* * * LOW HITPOINT WARNING * * *
Unknown command.
Casting: Ozocubu's Armour (safe; 1% risk of failure)
Confirm with . or Enter, or press ? or * to list all spells.
A chill wind blows around you.
The wall freezes the oklob plant but does no damage.
The oklob plant spits acid at you. The splash of acid hits you!
You die...
Hepliaklqana delivers you to your ancestors.

...................
....................
....................
...../..............
...##..##..........
##...##..............
##....##..............
#.P...##..............
##PPR@##..............
#.PYFP##..............
#....P##........>.....
#..P..#.##..............
##....####..............
#.... #..............
#PP.. #...........###
#P.. #..P#......†##
#.....#.#....#


You could see the friendly Eugene the knight, an oklob plant (ally target), a
bullfrog (ally target) and a friendly ice beast (summoned).

Vanquished Creatures
  A rime drake (Lair:1)
  A cane toad (Lair:1)
  A komodo dragon (D:8)
  2 yaks (Lair:1)
  A basilisk (D:8)
  2 wyverns
  2 steam dragons (D:8)
  An acid dragon (D:9)
  2 water moccasins
  A swamp drake (D:8)
  Duvessa (D:7)
  A sky beast (D:8)
  An ice beast (D:5)
  A centaur (D:5)
  A phantom (D:5)
  A kobold brigand (D:9)
  3 bullfrogs
  A water moccasin zombie (D:4)
  3 howler monkeys (D:9)
  A jelly (D:7)
  A bombardier beetle (D:5)
  A gnoll bouda (D:6)
  3 hounds
  2 iguanas (D:5)
  Crazy Yiuf (D:2)
  2 hound zombies (D:4)
  6 gnolls (D:6)
  8 adders
  A howler monkey skeleton (D:4)
  An ufetubus (D:5)
  3 dart slugs
  3 ribbon worms
  20 orcs
  5 ball pythons
  5 endoplasms
  2 giant cockroaches (D:2)
  5 hobgoblins
  5 jackals
  10 kobolds
  3 quokkas
  9 bats
  2 frilled lizards (D:1)
  8 goblins
  5 rats
139 creatures vanquished.

Vanquished Creatures (collateral kills)
  2 komodo dragons (D:8)
  A yak (Lair:1)
  A wyvern (Lair:1)
  A basilisk (D:8)
  A water moccasin (Lair:1)
  3 orc warriors
  3 sky beasts (D:8)
  An ogre (D:4)
  A centaur (D:6)
  2 bullfrogs (Lair:1)
  2 scorpions (D:5)
  Dowan (D:7)
  An electric eel (D:9)
  2 howler monkeys (D:9)
  A centaur zombie (D:4)
  2 bombardier beetles (D:5)
  3 orc priests
  3 jellies
  A sleepcap (D:6)
  3 orc wizards
  A hound zombie (D:4)
  2 gnolls (D:6)
  4 adders
  3 ufetubi
  3 dart slugs
  A ribbon worm (D:2)
  13 orcs
  A ball python (D:2)
  A giant cockroach (D:4)
  2 goblins
  A jackal (D:2)
  2 kobolds
  A quokka (D:2)
  2 bats
72 creatures vanquished.

Vanquished Creatures (others)
  A knight (D:8)
  An ancestor (D:8)
2 creatures vanquished.

Grand Total: 213 creatures vanquished

Notes
Turn   | Place    | Note
-------+----------+-------------------------------------------
     0 | D:1      | Getoffmy the Draconian Ice Elementalist began the quest for
                  | the Orb.
     0 | D:1      | Reached XP level 1. HP: 14/14 MP: 3/3
   126 | D:1      | Reached XP level 2. HP: 20/20 MP: 5/5
   129 | D:1      | Learned a level 2 spell: Call Imp
   241 | D:1      | Reached skill level 1 in Summonings
   298 | D:1      | Reached XP level 3. HP: 26/26 MP: 4/6
   505 | D:1      | Found Viel's Distillery.
   611 | D:1      | Learned a level 3 spell: Summon Ice Beast
   999 | D:2      | Reached XP level 4. HP: 27/33 MP: 3/8
  1056 | D:2      | You fall into a shaft and drop 2 floors!
  1365 | D:4      | Reached XP level 5. HP: 38/38 MP: 1/9
  1565 | D:4      | Reached skill level 5 in Ice Magic
  1766 | D:4      | Noticed an ogre
  1779 | D:4      | Killed an ogre
  1780 | D:4      | Reached XP level 6. HP: 45/45 MP: 5/11
  3049 | D:2      | Found the +6 shillelagh "Devastator" {shatter}
  3054 | D:2      | Found a runed translucent door.
  3055 | D:2      | Noticed Crazy Yiuf
  3507 | D:2      | Killed Crazy Yiuf
  3753 | D:3      | Found a sacrificial altar of Ru.
  3825 | D:3      | Your scales start taking on a lurid green colour.
  3825 | D:3      | Reached XP level 7. HP: 50/50 MP: 12/12
  3825 | D:3      | Gained mutation: Your system is resistant to poisons.
                  | (rPois) [Green Draconian growth]
  4374 | D:5      | Entered Level 5 of the Dungeon
  4439 | D:5      | Reached skill level 5 in Summonings
  5163 | D:4      | Upgraded the game from 0.32-a0-350-g4f4d228785 to
                  | 0.32-a0-361-g289a535e89
  5284 | D:5      | Learned a level 3 spell: Frozen Ramparts
  5290 | D:5      | Learned a level 5 spell: Freezing Cloud
  5342 | D:5      | Reached skill level 1 in Air Magic
  5346 | D:5      | Reached XP level 8. HP: 49/57 MP: 9/14
  5428 | D:5      | Reached skill level 1 in Conjurations
  6202 | D:6      | Reached skill level 5 in Spellcasting
  6202 | D:6      | Reached skill level 2 in Conjurations
  6968 | D:6      | Found a staircase to the Ecumenical Temple.
  6988 | Temple   | Found a transporter.
  6988 | Temple   | Found a transporter.
  6988 | Temple   | Found a transporter.
  6988 | Temple   | Found a transporter.
  6988 | Temple   | Entered the Ecumenical Temple
  7014 | Temple   | Became a worshipper of Hepliaklqana the Forgotten
  7505 | D:7      | Noticed Duvessa
  7507 | D:7      | Noticed Dowan
  7517 | D:7      | Killed Duvessa
  7518 | D:7      | Reached skill level 3 in Conjurations
  7519 | D:7      | Killed Dowan
  7681 | D:7      | Reached * piety under Hepliaklqana
  8202 | D:8      | Got the Anthology of Calescent Hurting
  8210 | D:8      | Found a shimmering blue altar of Sif Muna.
  8219 | D:8      | Reached skill level 5 in Air Magic
  8225 | D:8      | Reached XP level 9. HP: 55/55 MP: 5/16
  8227 | D:8      | Found a radiant altar of Vehumet.
  8343 | D:8      | Reached skill level 4 in Conjurations
  8561 | D:8      | Reached ** piety under Hepliaklqana
  8562 | D:8      | Remembered your ancestor Eugene as a knight
  8622 | D:8      | Found Vukla Maxt's Magic Scroll Shoppe.
  8627 | D:8      | Learned a level 3 spell: Ozocubu's Armour
  8639 | D:8      | Bought a scroll of amnesia for 52 gold pieces
  8639 | D:8      | Bought a scroll of fog for 52 gold pieces
  8639 | D:8      | Bought a scroll of enchant armour for 97 gold pieces
  8639 | D:8      | Bought a scroll of revelation for 97 gold pieces
  8850 | D:1      | Bought a potion of invisibility for 80 gold pieces
  8850 | D:1      | Bought a potion of resistance for 100 gold pieces
  8850 | D:1      | Bought a potion of lignification for 30 gold pieces
  8850 | D:1      | Bought a potion of curing for 30 gold pieces
  9065 | D:8      | Found Hukif's General Store.
  9219 | D:8      | Noticed a komodo dragon
  9228 | D:8      | Killed a komodo dragon
  9229 | D:8      | Reached skill level 5 in Conjurations
  9297 | D:8      | Noticed a komodo dragon
  9306 | D:8      | Killed a komodo dragon
  9348 | D:8      | Reached skill level 6 in Conjurations
  9469 | D:8      | Noticed a komodo dragon
  9486 | D:8      | Killed a komodo dragon
  9487 | D:8      | Reached skill level 7 in Conjurations
  9487 | D:8      | Reached XP level 10. HP: 62/62 MP: 8/17
  9564 | D:8      | Found a staircase to the Lair.
  9831 | D:9      | Upgraded the game from 0.32-a0-361-g289a535e89 to
                  | 0.32-a0-391-gce5c0aab1b
 10062 | D:9      | Found a staircase to the Orcish Mines.
 10476 | D:9      | Noticed a boulder beetle
 10764 | Lair:1   | Entered Level 1 of the Lair of Beasts
 10782 | Lair:1   | Reached *** piety under Hepliaklqana
 10793 | Lair:1   | Reached skill level 1 in Fighting
 10793 | Lair:1   | Reached skill level 8 in Conjurations
 10793 | Lair:1   | Reached skill level 5 in Invocations
 11108 | Lair:1   | Noticed a cane toad
 11120 | Lair:1   | Killed a cane toad
 11433 | Lair:1   | Noticed an oklob plant
 11440 | Lair:1   | HP: 1/67 [oklob plant/splash of acid (20)]
 11441 | Lair:1   | Killed from afar by an oklob plant

Illustrated notes

Levels and vault maps discovered:
D:1:      minmay_arrival_four_houses, layout_loops_ring, serial_shops, shop
D:2:      layout_loops_ring, uniq_crazy_yiuf_cottage
D:3:      layout_rooms, mainiacjoe_overflow_alcove_1, kennysheep_potato
D:4:      layout_basic, serial_undead, serial_undead_e, serial_undead_c,
          serial_undead_b, serial_undead_d
D:5:      layout_loops_ring, minmay_starry_boxes
D:6:      layout_basic, temple_green
D:7:      layout_gridville, nicolae_the_louvre, uniq_duvessa
D:8:      layout_rooms, jmf_multi_god_temple2, erik_lair_dragon, serial_shops,
          nicolae_shop_behind_doors, shop, hangedman_misty_isle
D:9:      layout_loops_corners, orc_david_3, serial_bayou,
          serial_bayou_lagoon_a, serial_bayou_pond_a, serial_bayou_shore_b,
          serial_bayou_pond_e
Temple:   hellmonk_temple_divided_pantheon
Lair:1:   minmay_lair_oklob_tunnel, layout_cave_shapes, lemuel_fruit_tree

Skill      XL: |  1  2  3  4  5  6  7  8  9 10 |
---------------+-------------------------------+-----
Summonings     | 1 2 3 4 6 |  6.6
Spellcasting   | 3 4 5 |  5.6
Ice Magic      | 5 6 7 |  7.2
Air Magic      | 1 5 6 |  6.7
Conjurations   | 3 7 8 |  8.0
Invocations    | 4 5 |  5.7
Fighting       | 2 |  2.8
Dodging        | |  1.7
Stealth        | |  1.7

Action                     |  1- 3 |  4- 6 |  7- 9 | 10-12 || total
---------------------------+-------+-------+-------+-------++-------
  Melee: Short sword       |    52 |    22 |    10 |    62 ||   146
         Tailslap          |    10 |    13 |    12 |    10 ||    45
         Dagger            |       |    86 |       |       ||    86
         Shillelagh        |       |     4 |    27 |       ||    31
         Mace              |       |       |    27 |       ||    27
   Cast: Freeze            |    27 |    33 |    17 |       ||    77
         Call Imp          |       |    19 |    21 |    10 ||    50
         Summon Ice Beast  |       |    13 |    36 |    16 ||    65
         Frozen Ramparts   |       |       |    24 |    15 ||    39
         Ozocubu's Armour  |       |       |       |     7 ||     7
 Invoke: Ancestor Life: Kn |       |       |     1 |       ||     1
         Ancestor Identity |       |       |       |     1 ||     1
    Use: Scroll            |       |       |    19 |       ||    19
         Potion            |       |       |     1 |       ||     1
   Stab: Sleeping          |     4 |     4 |     2 |       ||    10
         Distracted        |       |     1 |     2 |       ||     3
 Armour: Skin              |    49 |   111 |   141 |    76 ||   377
  Dodge: Dodged            |    51 |   110 |   133 |    47 ||   341

Table legend: (Time is in decaauts)
 A = Elapsed time spent in this place.
 B = Non-inter-level travel time spent in this place.
 C = Inter-level travel time spent in this place.
 D = Time resting spent in this place.
 E = Time spent auto-exploring this place.
 F = Levels seen in this place.
 G = Mean time per level.
                   A        B        C        D        E       F      G
               +--------+--------+--------+--------+--------+-----+--------+
         Total |  11469 |  10576 |    893 |   2599 |   5978 |  11 | 1042.6 |
       Dungeon |  10750 |   9864 |    886 |   2428 |   5612 |   9 | 1194.4 |
        Temple |     42 |     35 |      7 |      0 |      0 |   1 |   42.0 |
          Lair |    676 |    676 |      0 |    171 |    366 |   1 |  676.0 |
               +--------+--------+--------+--------+--------+-----+--------+

Top non-repeatable levels by time:
     D:4: 1783 daAuts
     D:5: 1611 daAuts
     D:8: 1434 daAuts
     D:6: 1250 daAuts
     D:2: 1225 daAuts
     D:1: 1065 daAuts
     D:7: 860 daAuts
     D:9: 818 daAuts
     D:3: 701 daAuts
  Lair:1: 676 daAuts
  Temple: 42 daAuts
